Workbook

Sheet Analisis Artificial
A1: VERIFICACION DE REQUISITOS HABILITANTES, CALIFICACION DE OFERTAS Y EVALUACIÓN TÉCNICA
A2: FFDS-MC-030-2024
A3: Objeto: | B3: ADQUISICIÓN DE HORNOS MICROONDAS INDUSTRIALES PARA EL BIENESTAR DEL TALENTO HUMANO QUE LABORA EN LA SECRETARIA DISTRITAL DE SALUD.
B5: PROPONENTE | C5: VALOR DE LA OFERTA CON IVA
B6: RIO TECHNOLOGY S.A.S. | C6: 65736195
B7: COMERCIALIZADORA SEVERAL PARTS SAS BIC | C7: 69300000
B8: SERVICES702 | C8: 72595145
B9: SQA INGENIERIA SAS | C9: 77000000
B10: COLOMBIAN TECH | C10: 77010850
B11: MENELEC SAS | C11: 79116466
B12: TECNOSOLUCIONES A&K SAS | C12: 80500000
B13: MAZU SERVICIOS INTEGRALES | C13: 80738525
B14: LICCONT S.A.S. | C14: 85382500
B15: MEDIANA | C15: =MEDIAN(C6:C14) -> 77010850
B16: DESVIACION | C16: =_xlfn.STDEV.P(C6:C14) -> 5802573.1
B17: VALOR MÍNIMO | C17: =+C15-C16 -> 71208277
B19: Nota 1: De conformidad con lo establecido en el articulo 2,2,1,1,2,2,4 del decreto 1082 de 2015 se le solicita aL proponente RIO TECHNOLOGY SAS , aclarar por escrito y en detalle su oferta, dado que según lo establecido en la guía para el manejo de ofertas artificialmente bajas en procesos de contratación G-MOAB-01, Capitulo III Herramientas, su propuesta económica puede ser considerada como artificialmente baja.

Sheet VERIFICACIÓN DE VALORES
A1: ADQUISICIÓN DE HORNOS MICROONDAS INDUSTRIALES PARA EL BIENESTAR DEL TALENTO HUMANO QUE LABORA EN LA SECRETARIA DISTRITAL DE SALUD.
A2: ITEM | B2: DESCRIPCIÓN | C2: Cantidad | D2: Valor Total Techo sin IVA | E2: =+'Analisis Artificial'!B6 -> RIO TECHNOLOGY S.A.S. | F2: =+'Analisis Artificial'!B7 -> COMERCIALIZADORA SEVERAL PARTS SAS BIC | G2: =+'Analisis Artificial'!B8 -> SERVICES702 | H2: =+'Analisis Artificial'!B9 -> SQA INGENIERIA SAS | I2: =+'Analisis Artificial'!B10 -> COLOMBIAN TECH | J2: =+'Analisis Artificial'!B11 -> MENELEC SAS | K2: =+'Analisis Artificial'!B12 -> TECNOSOLUCIONES A&K SAS | L2: =+'Analisis Artificial'!B13 -> MAZU SERVICIOS INTEGRALES | M2: =+'Analisis Artificial'!B14 -> LICCONT S.A.S.
E3: Valor Total Techo con IVA | F3: Valor Total Techo con IVA | G3: Valor Total Techo con IVA | H3: Valor Total Techo con IVA | I3: Valor Total Techo con IVA | J3: Valor Total Techo con IVA | K3: Valor Total Techo con IVA | L3: Valor Total Techo con IVA | M3: Valor Total Techo con IVA
A4: 1 | B4: Potencia salida (Consumo): 1000w Tipo: Industrial Material: Acero inoxidable Capacidad: 23 a 25 litros Uso - Calentamientos diarios: 60 mínimo Voltaje: 110v - 120v Enfriamiento automático Tablero con controles pulsadores Garantía mínima un año Mango puerta resistente Puerta transparente | C4: 35 | D4: 86388223 | E4: =+'Analisis Artificial'!C6 -> 65736195 | F4: =+'Analisis Artificial'!C7 -> 69300000 | G4: =+'Analisis Artificial'!C8 -> 72595145 | H4: =+'Analisis Artificial'!C9 -> 77000000 | I4: =+'Analisis Artificial'!C10 -> 77010850 | J4: =+'Analisis Artificial'!C11 -> 79116466 | K4: =+'Analisis Artificial'!C12 -> 80500000 | L4: =+'Analisis Artificial'!C13 -> 80738525 | M4: =+'Analisis Artificial'!C14 -> 85382500
A5: TOTAL IVA INCLUIDO | D5: =+SUM(D4:D4) -> 86388223 | E5: =+SUM(E4:E4) -> 65736195 | F5: =+SUM(F4:F4) -> 69300000 | G5: =+SUM(G4:G4) -> 72595145 | H5: =+SUM(H4:H4) -> 77000000 | I5: =+SUM(I4:I4) -> 77010850 | J5: 0 | K5: =+SUM(K4:K4) -> 80500000 | L5: =+SUM(L4:L4) -> 80738525 | M5: 0

Sheet OFERENTES
A1: VERIFICACION DE OFERTA
A2: PROCESOS DE MÍNIMA CUANTÍA FFDS - MC - 030-2024
A4: Objeto: | B4: ADQUISICIÓN DE HORNOS MICROONDAS INDUSTRIALES PARA EL BIENESTAR DEL TALENTO HUMANO QUE LABORA EN LA SECRETARIA DISTRITAL DE SALUD.
A6: PROPONENTES PROCESO FFDS-MC-027-2023
A7: No | B7: PROPONENTE | C7: VALOR OFERTADO PLATAFORMA | D7: VALOR VERIFICADO | E7: DIFERENCIA ENTRE SECOP Y OFERTA | F7: OBSERVACIÓN
A8: 1 | B8: RIO TECHNOLOGY S.A.S. | C8: 65736195 | D8: 65736195 | E8: =+C8-D8 -> 0
A9: 2 | B9: COMERCIALIZADORA SEVERAL PARTS SAS BIC | C9: 69300000 | E9: =+C9-D9 -> 69300000
A10: 3 | B10: SERVICES702 | C10: 72595145 | E10: =+C10-D10 -> 72595145
A11: 4 | B11: SQA INGENIERIA SAS | C11: 77000000 | E11: =+C11-D11 -> 77000000
A12: 5 | B12: COLOMBIAN TECH | C12: 77010850 | E12: =+C12-D12 -> 77010850
A13: 6 | B13: MENELEC SAS | C13: 79116466 | E13: =+C13-D13 -> 79116466
A14: 7 | B14: TECNOSOLUCIONES A&K SAS | C14: 80500000 | E14: =+C14-D14 -> 80500000
A15: 8 | B15: MAZU SERVICIOS INTEGRALES | C15: 80738525 | E15: =+C15-D15 -> 80738525
A16: 9 | B16: LICCONT S.A.S. | C16: 85382500 | E16: =+C16-D16 -> 85382500

Sheet Consolidado
A1: VERIFICACION DE REQUISITOS HABILITANTES, CALIFICACION DE OFERTAS Y EVALUACIÓN TÉCNICA
A2: PROCESOS DE MÍNIMA CUANTÍA FFDS - MC - 030-2024
A3: OBJETO | B3: ADQUISICIÓN DE HORNOS MICROONDAS INDUSTRIALES PARA EL BIENESTAR DEL TALENTO HUMANO QUE LABORA EN LA SECRETARIA DISTRITAL DE SALUD.
A4: ITEM | B4: DESCRIPCION | C4: =+OFERENTES!B8 -> RIO TECHNOLOGY S.A.S.
A6: 2.5 | B6: REQUISITOS HABILITANTES DE CONTENIDO TECNICO
A7: 2.5.1 | B7: EXPERIENCIA ESPECÍFICA HABILITANTE
A8: A | B8: Formato 6 - Experiencia General habilitante del proponente" | C8: NO
A9: B | B9: Presenta maximo TRES (3) certificaciones, de contratos ejecutados | C9: SI
A10: C | B10: El objeto de las certificaciones debe serAdquisición y/o suministro y/o distribución y/o compraventa, con instalación y puesta en funcionamiento y/o operación, de hornos microondas industriales. | C10: SI
A11: D | B11: La sumatoria de los contratos certificados debe ser igual o superior a 66,45 SMLV | C11: SI
A13: 2.5.3 | B13: CONDICIONES TÉCNICAS EXIGIDAS.
A14: A | B14: Diligencia y anexa Formato 5 - "aceptación especificaciones y requisitos técnicos mínimos " | C14: SI
A16: G | B16: El PROPONENTE ES MIPYME | C16: N/A
A18: HABILITADO TECNICAMENTE | C18: NO
A20: Elaboró: LAURA VICTORIA HERRERA MARIN

Sheet TEC-HAB GPS
A1: SECRETARIA DISTRITAL DE SALUD - FONDO FINANCIERO DISTRITAL DE SALUD
A2: MINIMA CUANTIA FFDS-MC-027-2023
A4: PRESTAR EL SERVICIO DE MANTENIMIENTO PREVENTIVO Y CORRECTIVO DE LOS SISTEMAS ININTERRUMPIDOS DE POTENCIA (UPS) DE LA SECRETARÍA DISTRITAL DE SALUD Y SUS SEDES EN CUSTODIA, INCLUIDO EL SUMINISTRO DE REPUESTOS [FUNCIONAMIENTO]
A7: Oferente | B7: =+OFERENTES!B8 -> RIO TECHNOLOGY S.A.S. | G7: Fecha | I7: 45163 | L7: Técnico Responsable | O7: ESTEFANIA ALZATE GIRALDO
A9: 2.2 | B9: OFERTA ECONOMICA | D9: Anexo 4 - "FORMATO OFERTA ECONOMICA " | J9: Adjunta | K9: Observaciones | Q9: CUMPLE
J10: SI | K10: SE RECHAZA AL PROPONENTE NUMERAL 22 CAPITULO IV CAUSALES DE RECHAZO | Q10: NO
A12: 2.5. REQUISITOS HABILITANTES DE CONTENIDO TÉCNICO
A14: 2.5.1 | B14: EXPERIENCIA ACREDITADA DEL PROPONENTE | D14: Formato 6 - Experiencia Especifica habilitante del Proponente" | J14: Adjunta | K14: OBSERVACIONES | Q14: CUMPLE
J15: SI | K15: N/A | Q15: SI
A16: 2.5.1 | B16: EXPERIENCIA ACREDITADA DEL PROPONENTE | C16: CONTRATOS | D16: CONTRATANTE | E16: CONTRATISTA | F16: OBJETO | G16: % Participacion | H16: Valor $ | I16: Valor SMMLV | J16: Fecha terminacion | K16: Ejecutado | L16: Potencia instalada asistida en kVA | M16: Servicio de mantenimiento preventivo a Sistemas Ininterrumpidos de Potencia - UPS | N16: Servicio de mantenimiento correctivo a Sistemas Ininterrumpidos de Potencia - UPS | O16: Cumple | P16: OBSERVACIONES | Q16: CUMPLE
C18: 1 | D18: INSTITUTO NACIONAL DE CANCEROLOGIA E.S.E | E18: =+B7 -> RIO TECHNOLOGY S.A.S. | F18: MANTENIMIENTO PREVENTIVO Y CORRECTIVO DE UPS ACTUALMENTE CONTAMOS CON MARCAS POWERWARE,ENEGEX, NICKMARK,APC ,GESN, siemens,GAMATRONICS (INCLUYE BOLSA DE REPUESTOS) | G18: 100 | H18: 71001350 | I18: =+H18/SMMLV!$C$42 -> 61.20806 | J18: 44347 | K18: SI | L18: =60+3+12+8+3+370 -> 456 | M18: SI | N18: SI | O18: SI | P18: N/A | Q18: SI
C19: 2 | D19: SUBRED INTEGRADA DE SALUD SUROCCIDENTE E.S.E | E19: =+B7 -> RIO TECHNOLOGY S.A.S. | F19: MANTENIMIENTO PREVENTIVO Y CORRECTIVO DE LAS DIFERENTES UPS DE LOS DIFERENTES SERVICIOS QUE LOS REQUIERAN EN LOS PUNTOS DE ATENCION PERTENECIENTES A LA SUBRED INTEGRADA DE SALUD SUROCCIDENTE E.S.E | G19: 100 | H19: 200000000 | I19: =+H19/SMMLV!$C$42 -> 172.41379 | J19: 44986 | K19: SI | L19: =2+50+170+370+5+6+10+6+5+6+8+6+10+10+10+370 -> 1044 | M19: SI | N19: SI | O19: SI | P19: N/A
C20: 3 | D20: INSTITUTO PARA LA PROTECCION DE LA NIÑEZ Y LA JUVENTUD IDIPRON | E20: =+B7 -> RIO TECHNOLOGY S.A.S. | F20: SERVICIO DE MANTENIMIENTO PREVENTIVO Y CORRECTIVO PARA LAS UNIDADES DE SUMINISTRO DE ININTURREMPIDO DE PORTENCIA UPS REGULADORES DE VOLTAJE Y PLANTAS ELECTRICAS | G20: 100 | H20: 84840000 | I20: =+H20/SMMLV!$C$42 -> 73.137931 | J20: 43966 | K20: SI | L20: 370 | M20: SI | N20: SI | O20: SI | P20: N/A
C21: SUMATORIAS | I21: =SUM(I18:I20) -> 306.75978 | J21: SMMLV | K21: =+L18+L19+L20 -> 1870 | M21: kVA | P21: N/A
A23: 2.5.2 | B23: DOCUMENTOS TÉCNICOS Y AUTORIZACIONES | D23: 1. Documentos relacionados con capacidad técnica para la asistencia ante fallos que implique trasporte, instalación y puesta en operación de UPS de respaldo. El oferente presentará carta de compromiso de capacidad técnica, de inventario y capacidad administrativa para garantizar la puesta en operación de un UPS de respaldo cuando sea requerido. Esta carta compromiso debe ser suscrita por el representante legal. | J23: Adjunta | K23: OBSERVACIONES | Q23: CUMPLE
J24: NO | K24: No cumple con el numeral 2.5.2 de los requisitos habilitantes de contenido tecnico de la invitación del proceso | Q24: NO
D25: 2. Carta de personal calificado para hacer mantenimiento a los sistemas ininterrumpidos de potencia. El oferente presentará carta en la que certifique que el personal que realizará los mantenimientos se encuentra debidamente capacitado (aportando la respectiva certificación de capacitación del fabricante) y con la experiencia suficiente para realizar mantenimiento de al menos dos (2) de las marcas de los equipos que se encuentran relacionados en el presente documento. | J25: Adjunta | K25: OBSERVACIONES | Q25: CUMPLE
J26: NO | K26: No cumple con el numeral 2.5.2 de los requisitos habilitantes de contenido tecnico de la invitación del proceso | Q26: NO
A27: 2.5.3 | B27: CUMPLIMIENTO DE ESPECIFICACIONES TÉCNICAS | D27: Formato 5 - "ACEPTACION ESPECIFICACIONES Y REQUISITOS TECNICOS MINIMOS " | J27: Adjunta | K27: OBSERVACIONES | Q27: CUMPLE
J28: SI | K28: N/A | Q28: SI
A29: 2.5.8 | B29: REQUISITOS HABILITANTES PARA MIPYMES | D29: MIPYMES: El proponente debera acreditar la experiencia especifica a traves de la presentación de certificaciones de contratos ejecutados y terminados antes de la fecha de cierre de este proceso, las cuales deberan ser suscritas por el contratante. | J29: Adjunta | K29: OBSERVACIONES | Q29: CUMPLE
J30: SI | K30: N/A | Q30: SI
A31: C | B31: AVAL DE LA PROPUESTA | D31: En consonancia con las normas vigentes y con el fin de no permitir el ejercicio ilegal de las profesiones, la persona natural o jurídica que pretenda participar en el presente proceso ya sea de manera individual o como integrante de un proponente plural (consorcio o unión temporal) deberá acreditar que posee título en ingenieria electrica, mecanica o afin, para lo cual deberá adjuntar copia de su matrícula profesional y del certificado de vigencia de matrícula profesional y antecedentes disciplinarios expedido por la autoridad competente, según corresponda, el cual se debe encontrar vigente. | J31: Adjunta | K31: OBSERVACIONES | Q31: CUMPLE
J32: SI | K32: N/A | Q32: SI
A33: D | B33: EQUIPO MÍNIMO DE TRABAJO HABILITANTE | D33: FORMATO 9- "CARTA DE COMPROMISO-EQUIPO MÍNIMO DE TRABAJO-REQUISITO HABILITANTE" El representante legal deberá entregar un documento donde se comprometa a cumplir con el equipo mínimo de trabajo de acuerdo a las especificaciones realcionadas en la invitación técnica. | J33: Adjunta | K33: OBSERVACIONES | Q33: CUMPLE
J34: SI | K34: N/A | Q34: SI
I36: OFERENTE HABILITADO FACTOR TÉCNICO | O36: HABILITADO | Q36: NO

Sheet TEC-HAB C&M
A1: SECRETARIA DISTRITAL DE SALUD - FONDO FINANCIERO DISTRITAL DE SALUD
A2: MINIMA CUANTIA FFDS-MC-027-2023
A4: PRESTAR EL SERVICIO DE MANTENIMIENTO PREVENTIVO Y CORRECTIVO DE LOS SISTEMAS ININTERRUMPIDOS DE POTENCIA (UPS) DE LA SECRETARÍA DISTRITAL DE SALUD Y SUS SEDES EN CUSTODIA, INCLUIDO EL SUMINISTRO DE REPUESTOS [FUNCIONAMIENTO]
A7: Oferente | B7: =+'Analisis Artificial'!B6 -> RIO TECHNOLOGY S.A.S. | G7: Fecha | I7: =+TODAY() -> 45604 | L7: Técnico Responsable | O7: ESTEFANIA ALZATE GIRALDO
A9: 2.2 | B9: OFERTA ECONOMICA | D9: Anexo 4 - "FORMATO OFERTA ECONOMICA " | J9: Adjunta | K9: Observaciones | Q9: CUMPLE
J10: SI | K10: Se solicita aclarar por escrito y en detalle su oferta, dado que según lo establecido en la guía para el manejo de ofertas artificialmente bajas en procesos de contratación G-MOAB-01, Capitulo III Herramientas, su propuesta económica puede ser considerada como artificialmente baja. | Q10: NO
A12: 2.5. REQUISITOS HABILITANTES DE CONTENIDO TÉCNICO
A14: 2.5.1 | B14: EXPERIENCIA ACREDITADA DEL PROPONENTE | D14: Formato 6 - Experiencia Especifica habilitante del Proponente" | J14: Adjunta | K14: OBSERVACIONES | Q14: CUMPLE
J15: SI | K15: N/A | Q15: SI
A16: 2.5.1 | B16: EXPERIENCIA ACREDITADA DEL PROPONENTE | C16: CONTRATOS | D16: CONTRATANTE | E16: CONTRATISTA | F16: OBJETO | G16: % Participacion | H16: Valor $ | I16: Valor SMMLV | J16: Fecha terminacion | K16: Ejecutado | L16: Potencia instalada asistida en kVA | M16: Servicio de mantenimiento preventivo a Sistemas Ininterrumpidos de Potencia - UPS | N16: Servicio de mantenimiento correctivo a Sistemas Ininterrumpidos de Potencia - UPS | O16: Cumple | P16: OBSERVACIONES | Q16: CUMPLE
C18: 1 | D18: UNIDAD ADMINISTRATIVA ESPECIAL DE AERONÁUTI CA CIVIL | E18: =+B7 -> RIO TECHNOLOGY S.A.S. | F18: REALIZAR MANTENIMIENTO PREVENTIVO Y CORRECTIVO (INCLUYE REPUESTOS Y ELEMENTOS PARA EL BUEN FUNCIONAMIE NTO) Y ACTUALIZACIÓN DE UPS INSTALADAS EN AEROPUERTOS DE MONTERÍA, RIONEGRO Y ESTACIONES AERONAUTICAS DE LA REGIONAL NOROCCIDENTE | G18: 100 | H18: 60000000 | I18: =+H18/SMMLV!C42 -> 51.724138 | J18: 44910 | K18: SI | L18: =60+20+120+40 -> 240 | M18: SI | N18: SI | O18: SI | P18: N/A | Q18: NO
C19: 2
C20: 3
C21: SUMATORIAS | I21: =SUM(I18:I18) -> 51.724138 | J21: SMMLV | K21: =+L18+L19+L20 -> 240 | M21: kVA | P21: NO CUMPLE CON LOS 370 kVA SOLICITADOS
A23: 2.5.2 | B23: DOCUMENTOS TÉCNICOS Y AUTORIZACIONES | D23: 1. Documentos relacionados con capacidad técnica para la asistencia ante fallos que implique trasporte, instalación y puesta en operación de UPS de respaldo. El oferente presentará carta de compromiso de capacidad técnica, de inventario y capacidad administrativa para garantizar la puesta en operación de un UPS de respaldo cuando sea requerido. Esta carta compromiso debe ser suscrita por el representante legal. | J23: Adjunta | K23: OBSERVACIONES | Q23: CUMPLE
J24: NO | K24: No cumple con el numeral 2.5.2 de los requisitos habilitantes de contenido tecnico de la invitación del proceso | Q24: NO
D25: 2. Carta de personal calificado para hacer mantenimiento a los sistemas ininterrumpidos de potencia. El oferente presentará carta en la que certifique que el personal que realizará los mantenimientos se encuentra debidamente capacitado (aportando la respectiva certificación de capacitación del fabricante) y con la experiencia suficiente para realizar mantenimiento de al menos dos (2) de las marcas de los equipos que se encuentran relacionados en el presente documento. | J25: Adjunta | K25: OBSERVACIONES | Q25: CUMPLE
J26: NO | K26: No cumple con el numeral 2.5.2 de los requisitos habilitantes de contenido tecnico de la invitación del proceso | Q26: NO
A27: 2.5.3 | B27: CUMPLIMIENTO DE ESPECIFICACIONES TÉCNICAS | D27: Formato 5 - "ACEPTACION ESPECIFICACIONES Y REQUISITOS TECNICOS MINIMOS " | J27: Adjunta | K27: OBSERVACIONES | Q27: CUMPLE
J28: SI | K28: N/A | Q28: SI
A29: 2.5.8 | B29: REQUISITOS HABILITANTES PARA MIPYMES | D29: MIPYMES: El proponente debera acreditar la experiencia especifica a traves de la presentación de certificaciones de contratos ejecutados y terminados antes de la fecha de cierre de este proceso, las cuales deberan ser suscritas por el contratante. | J29: Adjunta | K29: OBSERVACIONES | Q29: CUMPLE
J30: SI | K30: N/A | Q30: SI
A31: C | B31: AVAL DE LA PROPUESTA | D31: En consonancia con las normas vigentes y con el fin de no permitir el ejercicio ilegal de las profesiones, la persona natural o jurídica que pretenda participar en el presente proceso ya sea de manera individual o como integrante de un proponente plural (consorcio o unión temporal) deberá acreditar que posee título en ingenieria electrica, mecanica o afin, para lo cual deberá adjuntar copia de su matrícula profesional y del certificado de vigencia de matrícula profesional y antecedentes disciplinarios expedido por la autoridad competente, según corresponda, el cual se debe encontrar vigente. | J31: Adjunta | K31: OBSERVACIONES | Q31: CUMPLE
J32: NO | K32: No presenta el aval de la propuesta por un Ingeniero eléctrico o electricista | Q32: NO
A33: D | B33: EQUIPO MÍNIMO DE TRABAJO HABILITANTE | D33: FORMATO 9- "CARTA DE COMPROMISO-EQUIPO MÍNIMO DE TRABAJO-REQUISITO HABILITANTE" El representante legal deberá entregar un documento donde se comprometa a cumplir con el equipo mínimo de trabajo de acuerdo a las especificaciones realcionadas en la invitación técnica. | J33: Adjunta | K33: OBSERVACIONES | Q33: CUMPLE
J34: SI | K34: N/A | Q34: SI
I36: OFERENTE HABILITADO FACTOR TÉCNICO | O36: HABILITADO | Q36: NO

Sheet TEC-HAB ALL TEC
A1: SECRETARIA DISTRITAL DE SALUD - FONDO FINANCIERO DISTRITAL DE SALUD
A2: MINIMA CUANTIA FFDS-MC-027-2023
A4: PRESTAR EL SERVICIO DE MANTENIMIENTO PREVENTIVO Y CORRECTIVO DE LOS SISTEMAS ININTERRUMPIDOS DE POTENCIA (UPS) DE LA SECRETARÍA DISTRITAL DE SALUD Y SUS SEDES EN CUSTODIA, INCLUIDO EL SUMINISTRO DE REPUESTOS [FUNCIONAMIENTO]
A7: Oferente | B7: =+'Analisis Artificial'!B7 -> COMERCIALIZADORA SEVERAL PARTS SAS BIC | G7: Fecha | I7: =+TODAY() -> 45604 | L7: Técnico Responsable | O7: ESTEFANIA ALZATE GIRALDO
A9: 2.2 | B9: OFERTA ECONOMICA | D9: Anexo 4 - "FORMATO OFERTA ECONOMICA " | J9: Adjunta | K9: Observaciones | Q9: CUMPLE
J10: SI | K10: Se solicita aclarar por escrito y en detalle su oferta, dado que según lo establecido en la guía para el manejo de ofertas artificialmente bajas en procesos de contratación G-MOAB-01, Capitulo III Herramientas, su propuesta económica puede ser considerada como artificialmente baja. | Q10: NO
A12: 2.5. REQUISITOS HABILITANTES DE CONTENIDO TÉCNICO
A14: 2.5.1 | B14: EXPERIENCIA ACREDITADA DEL PROPONENTE | D14: Formato 6 - Experiencia Especifica habilitante del Proponente" | J14: Adjunta | K14: OBSERVACIONES | Q14: CUMPLE
J15: SI | K15: N/A | Q15: SI
A16: 2.5.1 | B16: EXPERIENCIA ACREDITADA DEL PROPONENTE | C16: CONTRATOS | D16: CONTRATANTE | E16: CONTRATISTA | F16: OBJETO | G16: % Participacion | H16: Valor $ | I16: Valor SMMLV | J16: Fecha terminacion | K16: Ejecutado | L16: Potencia instalada asistida en kVA | M16: Servicio de mantenimiento preventivo a Sistemas Ininterrumpidos de Potencia - UPS | N16: Servicio de mantenimiento correctivo a Sistemas Ininterrumpidos de Potencia - UPS | O16: Cumple | P16: OBSERVACIONES | Q16: CUMPLE
C18: 1 | D18: ESCUALA TECNOLÓGICA INSTITUTO TÉCNICO CENTRAL | E18: =+B7 -> COMERCIALIZADORA SEVERAL PARTS SAS BIC | F18: PRESTACIÓN DE SERVICIOS PARA REALIZAR EL MANTENIMIENTO PREVENTIVO Y CORRECTIVO A TODO COSTO DE 24 UPS Y REGULADORES ELECTRÓNICOS UBICADOS EN TODAS LAS INSTALACIONES DE LA ESCUELA TECNOLÓGICA INSTITUTO TÉCNICO CENTRAL | G18: 100 | H18: 12161800 | I18: =+H18/SMMLV!C39 -> 13.854817 | J18: 44195 | K18: SI | L18: - | M18: SI | N18: SI | O18: NO | P18: EN LA CERTIFICACIÓN NO SE EVIDENCIA LA POTENCIA DE LAS UPS A REALIZARLE MANTENIMIENTO | Q18: NO
C19: 2 | D19: DISPOSICIÓN DE LA MUJER | E19: =+B7 -> COMERCIALIZADORA SEVERAL PARTS SAS BIC | F19: PRESTAR EL SERVICIO DE MANTENIMIENTO PREVENTIVO Y CORRECTIVO EQUIPOS UPS | G19: 100 | H19: 18250063 | I19: =+H19/SMMLV!C39 -> 20.790614 | J19: 44174 | K19: SI | L19: - | M19: SI | N19: SI | O19: NO | P19: EN LA CERTIFICACIÓN NO SE EVIDENCIA LA POTENCIA DE LAS UPS A REALIZARLE MANTENIMIENTO
C20: 3 | D20: PARQUES NACIONALES NATURALES DE COLOMBIA | E20: =+B7 -> COMERCIALIZADORA SEVERAL PARTS SAS BIC | F20: MANTENIMIENTO PREVENTIVO Y CORRECTIVO INCLUYENDO REPUESTOS Y MANO DE OBRA A 2 UPS DE 80KVA Y 10 KVA | G20: 100 | H20: 25000000 | I20: =+H20/SMMLV!C38 -> 30.189007 | J20: 43814 | K20: SI | L20: =80+10 -> 90 | M20: SI | N20: SI | O20: SI | P20: N/A
C21: SUMATORIAS | I21: =SUM(I18:I20) -> 64.834438 | J21: SMMLV | K21: =+L20 -> 90 | M21: kVA | P21: NO CUMPLE CON LOS 370 kVA SOLICITADOS
A23: 2.5.2 | B23: DOCUMENTOS TÉCNICOS Y AUTORIZACIONES | D23: 1. Documentos relacionados con capacidad técnica para la asistencia ante fallos que implique trasporte, instalación y puesta en operación de UPS de respaldo. El oferente presentará carta de compromiso de capacidad técnica, de inventario y capacidad administrativa para garantizar la puesta en operación de un UPS de respaldo cuando sea requerido. Esta carta compromiso debe ser suscrita por el representante legal. | J23: Adjunta | K23: OBSERVACIONES | Q23: CUMPLE
J24: NO | K24: No cumple con el numeral 2.5.2 de los requisitos habilitantes de contenido tecnico de la invitación del proceso | Q24: NO
D25: 2. Carta de personal calificado para hacer mantenimiento a los sistemas ininterrumpidos de potencia. El oferente presentará carta en la que certifique que el personal que realizará los mantenimientos se encuentra debidamente capacitado (aportando la respectiva certificación de capacitación del fabricante) y con la experiencia suficiente para realizar mantenimiento de al menos dos (2) de las marcas de los equipos que se encuentran relacionados en el presente documento. | J25: Adjunta | K25: OBSERVACIONES | Q25: CUMPLE
J26: NO | K26: No cumple con el numeral 2.5.2 de los requisitos habilitantes de contenido tecnico de la invitación del proceso | Q26: NO
A27: 2.5.3 | B27: CUMPLIMIENTO DE ESPECIFICACIONES TÉCNICAS | D27: Formato 5 - "ACEPTACION ESPECIFICACIONES Y REQUISITOS TECNICOS MINIMOS " | J27: Adjunta | K27: OBSERVACIONES | Q27: CUMPLE
J28: SI | K28: N/A | Q28: SI
A29: 2.5.8 | B29: REQUISITOS HABILITANTES PARA MIPYMES | D29: MIPYMES: El proponente debera acreditar la experiencia especifica a traves de la presentación de certificaciones de contratos ejecutados y terminados antes de la fecha de cierre de este proceso, las cuales deberan ser suscritas por el contratante. | J29: Adjunta | K29: OBSERVACIONES | Q29: CUMPLE
J30: NO | K30: N/A | Q30: NO
A31: C | B31: AVAL DE LA PROPUESTA | D31: En consonancia con las normas vigentes y con el fin de no permitir el ejercicio ilegal de las profesiones, la persona natural o jurídica que pretenda participar en el presente proceso ya sea de manera individual o como integrante de un proponente plural (consorcio o unión temporal) deberá acreditar que posee título en ingenieria electrica, mecanica o afin, para lo cual deberá adjuntar copia de su matrícula profesional y del certificado de vigencia de matrícula profesional y antecedentes disciplinarios expedido por la autoridad competente, según corresponda, el cual se debe encontrar vigente. | J31: Adjunta | K31: OBSERVACIONES | Q31: CUMPLE
J32: NO | K32: No presenta el aval de la propuesta por un Ingeniero eléctrico o electricista | Q32: NO
A33: D | B33: EQUIPO MÍNIMO DE TRABAJO HABILITANTE | D33: FORMATO 9- "CARTA DE COMPROMISO-EQUIPO MÍNIMO DE TRABAJO-REQUISITO HABILITANTE" El representante legal deberá entregar un documento donde se comprometa a cumplir con el equipo mínimo de trabajo de acuerdo a las especificaciones realcionadas en la invitación técnica. | J33: Adjunta | K33: OBSERVACIONES | Q33: CUMPLE
J34: SI | K34: N/A | Q34: SI
I36: OFERENTE HABILITADO FACTOR TÉCNICO | O36: HABILITADO | Q36: NO

Sheet TEC-HAB ALL YOLUK
A1: SECRETARIA DISTRITAL DE SALUD - FONDO FINANCIERO DISTRITAL DE SALUD
A2: MINIMA CUANTIA FFDS-MC-027-2023
A4: PRESTAR EL SERVICIO DE MANTENIMIENTO PREVENTIVO Y CORRECTIVO DE LOS SISTEMAS ININTERRUMPIDOS DE POTENCIA (UPS) DE LA SECRETARÍA DISTRITAL DE SALUD Y SUS SEDES EN CUSTODIA, INCLUIDO EL SUMINISTRO DE REPUESTOS [FUNCIONAMIENTO]
A7: Oferente | B7: =+'Analisis Artificial'!B8 -> SERVICES702 | G7: Fecha | I7: =+TODAY() -> 45604 | L7: Técnico Responsable | O7: ESTEFANIA ALZATE GIRALDO
A9: 2.2 | B9: OFERTA ECONOMICA | D9: Anexo 4 - "FORMATO OFERTA ECONOMICA " | J9: Adjunta | K9: Observaciones | Q9: CUMPLE
J10: SI | K10: El Oferente presenta una subsanación a la oferta, sin embargo no presenta una justificación de precios desagregando el costo del bien+ gastos generales+ imprevistos + utilidad, tal y como lo especifica la ley y la guía de precios artificialmente bajos | Q10: NO
A12: 2.5. REQUISITOS HABILITANTES DE CONTENIDO TÉCNICO
A14: 2.5.1 | B14: EXPERIENCIA ACREDITADA DEL PROPONENTE | D14: Formato 6 - Experiencia Especifica habilitante del Proponente" | J14: Adjunta | K14: OBSERVACIONES | Q14: CUMPLE
J15: SI | K15: El proponenete subsana el Formato No 6 | Q15: SI
A16: 2.5.1 | B16: EXPERIENCIA ACREDITADA DEL PROPONENTE | C16: CONTRATOS | D16: CONTRATANTE | E16: CONTRATISTA | F16: OBJETO | G16: % Participacion | H16: Valor $ | I16: Valor SMMLV | J16: Fecha terminacion | K16: Ejecutado | L16: Potencia instalada asistida en kVA | M16: Servicio de mantenimiento preventivo a Sistemas Ininterrumpidos de Potencia - UPS | N16: Servicio de mantenimiento correctivo a Sistemas Ininterrumpidos de Potencia - UPS | O16: Cumple | P16: OBSERVACIONES | Q16: CUMPLE
C18: 1 | D18: SERVICIOS DE INGENIERÍA AMP S.A.S | E18: =+B7 -> SERVICES702 | F18: MANTENIMIENTO PREVENTIVO Y CORRECTIVO A SISTEMAS ININTERRUMPUDOS DE POTENCIA UPS - 370 KVA | G18: 100 | H18: 90000000 | I18: =+H18/SMMLV!C42 -> 77.586207 | J18: 45077 | K18: SI | L18: 370 | M18: SI | N18: SI | O18: SI | P18: EL OFERENTE SUBSANA LA CERTIFICACIÓN DE EXPERIENCIA | Q18: SI
C19: 2
C20: 3
C21: SUMATORIAS | I21: =SUM(I18:I19) -> 77.586207 | J21: SMMLV | K21: =+L18 -> 370 | M21: kVA | P21: SI
A23: 2.5.2 | B23: DOCUMENTOS TÉCNICOS Y AUTORIZACIONES | D23: 1. Documentos relacionados con capacidad técnica para la asistencia ante fallos que implique trasporte, instalación y puesta en operación de UPS de respaldo. El oferente presentará carta de compromiso de capacidad técnica, de inventario y capacidad administrativa para garantizar la puesta en operación de un UPS de respaldo cuando sea requerido. Esta carta compromiso debe ser suscrita por el representante legal. | J23: Adjunta | K23: OBSERVACIONES | Q23: CUMPLE
J24: SI | K24: El Ofernete susana la carta de compromiso de capacidad Técnica | Q24: SI
D25: 2. Carta de personal calificado para hacer mantenimiento a los sistemas ininterrumpidos de potencia. El oferente presentará carta en la que certifique que el personal que realizará los mantenimientos se encuentra debidamente capacitado (aportando la respectiva certificación de capacitación del fabricante) y con la experiencia suficiente para realizar mantenimiento de al menos dos (2) de las marcas de los equipos que se encuentran relacionados en el presente documento. | J25: Adjunta | K25: OBSERVACIONES | Q25: CUMPLE
J26: SI | K26: El Oferente envía Carta de comprimiso de personal Calificado, Pero no aporta la respectiva certificación de capacitación del fabricante en al menos dos de las marcas de los equipos que se encuentran en el anexo Técnico | Q26: NO
A27: 2.5.3 | B27: CUMPLIMIENTO DE ESPECIFICACIONES TÉCNICAS | D27: Formato 5 - "ACEPTACION ESPECIFICACIONES Y REQUISITOS TECNICOS MINIMOS " | J27: Adjunta | K27: OBSERVACIONES | Q27: CUMPLE
J28: SI | K28: N/A | Q28: SI
A29: 2.5.8 | B29: REQUISITOS HABILITANTES PARA MIPYMES | D29: MIPYMES: El proponente debera acreditar la experiencia especifica a traves de la presentación de certificaciones de contratos ejecutados y terminados antes de la fecha de cierre de este proceso, las cuales deberan ser suscritas por el contratante. | J29: Adjunta | K29: OBSERVACIONES | Q29: CUMPLE
J30: SI | K30: N/A | Q30: SI
A31: C | B31: AVAL DE LA PROPUESTA | D31: En consonancia con las normas vigentes y con el fin de no permitir el ejercicio ilegal de las profesiones, la persona natural o jurídica que pretenda participar en el presente proceso ya sea de manera individual o como integrante de un proponente plural (consorcio o unión temporal) deberá acreditar que posee título en ingenieria electrica, mecanica o afin, para lo cual deberá adjuntar copia de su matrícula profesional y del certificado de vigencia de matrícula profesional y antecedentes disciplinarios expedido por la autoridad competente, según corresponda, el cual se debe encontrar vigente. | J31: Adjunta | K31: OBSERVACIONES | Q31: CUMPLE
J32: SI | K32: El oferente presenta el avala por un Ingeniero electricista con el certificado de vigencia | Q32: SI
A33: D | B33: EQUIPO MÍNIMO DE TRABAJO HABILITANTE | D33: FORMATO 9- "CARTA DE COMPROMISO-EQUIPO MÍNIMO DE TRABAJO-REQUISITO HABILITANTE" El representante legal deberá entregar un documento donde se comprometa a cumplir con el equipo mínimo de trabajo de acuerdo a las especificaciones realcionadas en la invitación técnica. | J33: Adjunta | K33: OBSERVACIONES | Q33: CUMPLE
J34: NO | K34: El proponenete no subsana la Formato No 9 Carta de compromiso - Equipo mínimo de trabajo | Q34: NO
I36: OFERENTE HABILITADO FACTOR TÉCNICO | O36: HABILITADO | Q36: NO

Sheet TEC-HAB LYN ING
A1: SECRETARIA DISTRITAL DE SALUD - FONDO FINANCIERO DISTRITAL DE SALUD
A2: MINIMA CUANTIA FFDS-MC-027-2023
A4: PRESTAR EL SERVICIO DE MANTENIMIENTO PREVENTIVO Y CORRECTIVO DE LOS SISTEMAS ININTERRUMPIDOS DE POTENCIA (UPS) DE LA SECRETARÍA DISTRITAL DE SALUD Y SUS SEDES EN CUSTODIA, INCLUIDO EL SUMINISTRO DE REPUESTOS [FUNCIONAMIENTO]
A7: Oferente | B7: =+'Analisis Artificial'!B9 -> SQA INGENIERIA SAS | G7: Fecha | I7: =+TODAY() -> 45604 | L7: Técnico Responsable | O7: ESTEFANIA ALZATE GIRALDO
A9: 2.2 | B9: OFERTA ECONOMICA | D9: Anexo 4 - "FORMATO OFERTA ECONOMICA " | J9: Adjunta | K9: Observaciones | Q9: CUMPLE
J10: SI | K10: N/A | Q10: SI
A12: 2.5. REQUISITOS HABILITANTES DE CONTENIDO TÉCNICO
A14: 2.5.1 | B14: EXPERIENCIA ACREDITADA DEL PROPONENTE | D14: Formato 6 - Experiencia Especifica habilitante del Proponente" | J14: Adjunta | K14: OBSERVACIONES | Q14: CUMPLE
J15: NO | K15: No presenta el Formato No 6 | Q15: NO
A16: 2.5.1 | B16: EXPERIENCIA ACREDITADA DEL PROPONENTE | C16: CONTRATOS | D16: CONTRATANTE | E16: CONTRATISTA | F16: OBJETO | G16: % Participacion | H16: Valor $ | I16: Valor SMMLV | J16: Fecha terminacion | L16: Potencia instalada asistida en kVA | M16: Servicio de mantenimiento preventivo a Sistemas Ininterrumpidos de Potencia - UPS | N16: Servicio de mantenimiento correctivo a Sistemas Ininterrumpidos de Potencia - UPS | O16: Cumple | P16: OBSERVACIONES | Q16: CUMPLE
C18: 1 | D18: - | E18: - | F18: - | G18: - | H18: - | I18: - | J18: - | K18: - | L18: - | M18: - | N18: - | O18: - | P18: EL OFERNETE NO PRESENTA CERTIFICACIÓN DE EXPERIENCIA | Q18: NO
C19: 2
C20: 3
C21: SUMATORIAS | I21: =SUM(I18:I19) -> 0 | J21: SMMLV | K21: =+L18 -> - | M21: kVA | P21: NO
A23: 2.5.2 | B23: DOCUMENTOS TÉCNICOS Y AUTORIZACIONES | D23: 1. Documentos relacionados con capacidad técnica para la asistencia ante fallos que implique trasporte, instalación y puesta en operación de UPS de respaldo. El oferente presentará carta de compromiso de capacidad técnica, de inventario y capacidad administrativa para garantizar la puesta en operación de un UPS de respaldo cuando sea requerido. Esta carta compromiso debe ser suscrita por el representante legal. | J23: Adjunta | K23: OBSERVACIONES | Q23: CUMPLE
J24: NO | K24: No cumple con el numeral 2.5.2 de los requisitos habilitantes de contenido tecnico de la invitación del proceso | Q24: NO
D25: 2. Carta de personal calificado para hacer mantenimiento a los sistemas ininterrumpidos de potencia. El oferente presentará carta en la que certifique que el personal que realizará los mantenimientos se encuentra debidamente capacitado (aportando la respectiva certificación de capacitación del fabricante) y con la experiencia suficiente para realizar mantenimiento de al menos dos (2) de las marcas de los equipos que se encuentran relacionados en el presente documento. | J25: Adjunta | K25: OBSERVACIONES | Q25: CUMPLE
J26: NO | K26: No cumple con el numeral 2.5.2 de los requisitos habilitantes de contenido tecnico de la invitación del proceso | Q26: NO
A27: 2.5.3 | B27: CUMPLIMIENTO DE ESPECIFICACIONES TÉCNICAS | D27: Formato 5 - "ACEPTACION ESPECIFICACIONES Y REQUISITOS TECNICOS MINIMOS " | J27: Adjunta | K27: OBSERVACIONES | Q27: CUMPLE
J28: SI | K28: N/A | Q28: SI
A29: 2.5.8 | B29: REQUISITOS HABILITANTES PARA MIPYMES | D29: MIPYMES: El proponente debera acreditar la experiencia especifica a traves de la presentación de certificaciones de contratos ejecutados y terminados antes de la fecha de cierre de este proceso, las cuales deberan ser suscritas por el contratante. | J29: Adjunta | K29: OBSERVACIONES | Q29: CUMPLE
J30: NO | K30: N/A | Q30: NO
A31: C | B31: AVAL DE LA PROPUESTA | D31: En consonancia con las normas vigentes y con el fin de no permitir el ejercicio ilegal de las profesiones, la persona natural o jurídica que pretenda participar en el presente proceso ya sea de manera individual o como integrante de un proponente plural (consorcio o unión temporal) deberá acreditar que posee título en ingenieria electrica, mecanica o afin, para lo cual deberá adjuntar copia de su matrícula profesional y del certificado de vigencia de matrícula profesional y antecedentes disciplinarios expedido por la autoridad competente, según corresponda, el cual se debe encontrar vigente. | J31: Adjunta | K31: OBSERVACIONES | Q31: CUMPLE
J32: NO | K32: No presenta el aval de la propuesta por un Ingeniero eléctrico o electricista | Q32: NO
A33: D | B33: EQUIPO MÍNIMO DE TRABAJO HABILITANTE | D33: FORMATO 9- "CARTA DE COMPROMISO-EQUIPO MÍNIMO DE TRABAJO-REQUISITO HABILITANTE" El representante legal deberá entregar un documento donde se comprometa a cumplir con el equipo mínimo de trabajo de acuerdo a las especificaciones realcionadas en la invitación técnica. | J33: Adjunta | K33: OBSERVACIONES | Q33: CUMPLE
J34: NO | K34: El proponenete no subsana la Formato No 9 Carta de compromiso - Equipo mínimo de trabajo | Q34: NO
I36: OFERENTE HABILITADO FACTOR TÉCNICO | O36: HABILITADO | Q36: NO

Sheet TEC-HAB MAZU
A1: SECRETARIA DISTRITAL DE SALUD - FONDO FINANCIERO DISTRITAL DE SALUD
A2: MINIMA CUANTIA FFDS-MC-027-2023
A4: PRESTAR EL SERVICIO DE MANTENIMIENTO PREVENTIVO Y CORRECTIVO DE LOS SISTEMAS ININTERRUMPIDOS DE POTENCIA (UPS) DE LA SECRETARÍA DISTRITAL DE SALUD Y SUS SEDES EN CUSTODIA, INCLUIDO EL SUMINISTRO DE REPUESTOS [FUNCIONAMIENTO]
A7: Oferente | B7: =+'Analisis Artificial'!B10 -> COLOMBIAN TECH | G7: Fecha | I7: 45187 | L7: Técnico Responsable | O7: ESTEFANIA ALZATE GIRALDO
A9: 2.2 | B9: OFERTA ECONOMICA | D9: Anexo 4 - "FORMATO OFERTA ECONOMICA " | J9: Adjunta | K9: Observaciones | Q9: CUMPLE
J10: SI | K10: DIFERENCIA ENTRE SECOP II Y LA OFERTA ECONÓMICA | Q10: SI
A12: 2.5. REQUISITOS HABILITANTES DE CONTENIDO TÉCNICO
A14: 2.5.1 | B14: EXPERIENCIA ACREDITADA DEL PROPONENTE | D14: Formato 6 - Experiencia Especifica habilitante del Proponente" | J14: Adjunta | K14: OBSERVACIONES | Q14: CUMPLE
J15: NO | K15: No presenta el Formato No 6 | Q15: NO
A16: 2.5.1 | B16: EXPERIENCIA ACREDITADA DEL PROPONENTE | C16: CONTRATOS | D16: CONTRATANTE | E16: CONTRATISTA | F16: OBJETO | G16: % Participacion | H16: Valor $ | I16: Valor SMMLV | J16: Fecha terminacion | L16: Potencia instalada asistida en kVA | M16: Servicio de mantenimiento preventivo a Sistemas Ininterrumpidos de Potencia - UPS | N16: Servicio de mantenimiento correctivo a Sistemas Ininterrumpidos de Potencia - UPS | O16: Cumple | P16: OBSERVACIONES | Q16: CUMPLE
C18: 1 | D18: - | E18: - | F18: - | G18: - | H18: - | I18: - | J18: - | K18: - | L18: - | M18: - | N18: - | O18: - | P18: EL OFERNETE NO PRESENTA CERTIFICACIÓN DE EXPERIENCIA | Q18: NO
C19: 2
C20: 3
C21: SUMATORIAS | I21: =SUM(I18:I19) -> 0 | J21: SMMLV | K21: =+L18 -> - | M21: kVA | P21: NO
A23: 2.5.2 | B23: DOCUMENTOS TÉCNICOS Y AUTORIZACIONES | D23: 1. Documentos relacionados con capacidad técnica para la asistencia ante fallos que implique trasporte, instalación y puesta en operación de UPS de respaldo. El oferente presentará carta de compromiso de capacidad técnica, de inventario y capacidad administrativa para garantizar la puesta en operación de un UPS de respaldo cuando sea requerido. Esta carta compromiso debe ser suscrita por el representante legal. | J23: Adjunta | K23: OBSERVACIONES | Q23: CUMPLE
J24: NO | K24: No cumple con el numeral 2.5.2 de los requisitos habilitantes de contenido tecnico de la invitación del proceso | Q24: NO
D25: 2. Carta de personal calificado para hacer mantenimiento a los sistemas ininterrumpidos de potencia. El oferente presentará carta en la que certifique que el personal que realizará los mantenimientos se encuentra debidamente capacitado (aportando la respectiva certificación de capacitación del fabricante) y con la experiencia suficiente para realizar mantenimiento de al menos dos (2) de las marcas de los equipos que se encuentran relacionados en el presente documento. | J25: Adjunta | K25: OBSERVACIONES | Q25: CUMPLE
J26: NO | K26: No cumple con el numeral 2.5.2 de los requisitos habilitantes de contenido tecnico de la invitación del proceso | Q26: NO
A27: 2.5.3 | B27: CUMPLIMIENTO DE ESPECIFICACIONES TÉCNICAS | D27: Formato 5 - "ACEPTACION ESPECIFICACIONES Y REQUISITOS TECNICOS MINIMOS " | J27: Adjunta | K27: OBSERVACIONES | Q27: CUMPLE
J28: SI | K28: N/A | Q28: SI
A29: 2.5.8 | B29: REQUISITOS HABILITANTES PARA MIPYMES | D29: MIPYMES: El proponente debera acreditar la experiencia especifica a traves de la presentación de certificaciones de contratos ejecutados y terminados antes de la fecha de cierre de este proceso, las cuales deberan ser suscritas por el contratante. | J29: Adjunta | K29: OBSERVACIONES | Q29: CUMPLE
J30: NO | K30: N/A | Q30: NO
A31: C | B31: AVAL DE LA PROPUESTA | D31: En consonancia con las normas vigentes y con el fin de no permitir el ejercicio ilegal de las profesiones, la persona natural o jurídica que pretenda participar en el presente proceso ya sea de manera individual o como integrante de un proponente plural (consorcio o unión temporal) deberá acreditar que posee título en ingenieria electrica, mecanica o afin, para lo cual deberá adjuntar copia de su matrícula profesional y del certificado de vigencia de matrícula profesional y antecedentes disciplinarios expedido por la autoridad competente, según corresponda, el cual se debe encontrar vigente. | J31: Adjunta | K31: OBSERVACIONES | Q31: CUMPLE
J32: NO | K32: No presenta el aval de la propuesta por un Ingeniero eléctrico o electricista | Q32: NO
A33: D | B33: EQUIPO MÍNIMO DE TRABAJO HABILITANTE | D33: FORMATO 9- "CARTA DE COMPROMISO-EQUIPO MÍNIMO DE TRABAJO-REQUISITO HABILITANTE" El representante legal deberá entregar un documento donde se comprometa a cumplir con el equipo mínimo de trabajo de acuerdo a las especificaciones realcionadas en la invitación técnica. | J33: Adjunta | K33: OBSERVACIONES | Q33: CUMPLE
J34: NO | K34: El proponenete no subsana la Formato No 9 Carta de compromiso - Equipo mínimo de trabajo | Q34: NO
I36: OFERENTE HABILITADO FACTOR TÉCNICO | O36: HABILITADO | Q36: NO

Sheet CRR Soluciones
A1: SECRETARIA DISTRITAL DE SALUD - FONDO FINANCIERO DISTRITAL DE SALUD
A2: MINIMA CUANTIA FFDS-MC-027-2023
A4: PRESTAR EL SERVICIO DE MANTENIMIENTO PREVENTIVO Y CORRECTIVO DE LOS SISTEMAS ININTERRUMPIDOS DE POTENCIA (UPS) DE LA SECRETARÍA DISTRITAL DE SALUD Y SUS SEDES EN CUSTODIA, INCLUIDO EL SUMINISTRO DE REPUESTOS [FUNCIONAMIENTO]
A7: Oferente | B7: =+'Analisis Artificial'!B11 -> MENELEC SAS | G7: Fecha | I7: 45190 | L7: Técnico Responsable | O7: ESTEFANIA ALZATE GIRALDO
A9: 2.2 | B9: OFERTA ECONOMICA | D9: Anexo 4 - "FORMATO OFERTA ECONOMICA " | J9: Adjunta | K9: Observaciones | Q9: CUMPLE
J10: SI | K10: N/A | Q10: SI
A12: 2.5. REQUISITOS HABILITANTES DE CONTENIDO TÉCNICO
A14: 2.5.1 | B14: EXPERIENCIA ACREDITADA DEL PROPONENTE | D14: Formato 6 - Experiencia Especifica habilitante del Proponente" | J14: Adjunta | K14: OBSERVACIONES | Q14: CUMPLE
J15: NO | K15: No presenta el Formato No 6 | Q15: NO
A16: 2.5.1 | B16: EXPERIENCIA ACREDITADA DEL PROPONENTE | C16: CONTRATOS | D16: CONTRATANTE | E16: CONTRATISTA | F16: OBJETO | G16: % Participacion | H16: Valor $ | I16: Valor SMMLV | J16: Fecha terminacion | K16: Ejecutado | L16: Potencia instalada asistida en kVA | M16: Servicio de mantenimiento preventivo a Sistemas Ininterrumpidos de Potencia - UPS | N16: Servicio de mantenimiento correctivo a Sistemas Ininterrumpidos de Potencia - UPS | O16: Cumple | P16: OBSERVACIONES | Q16: CUMPLE
C18: 1 | D18: RAMGUA SOLUCIONES LOGISTICAS S.A.S | E18: =+B7 -> MENELEC SAS | F18: PRESTAR EL SERVICIO DE MANTENIMIENTO PREVENTIVO Y CORRECTIVO ACORDE ESPECIFICACIONES TÉCNCIAS DEL CONTRATO DE UPS | G18: 100 | H18: 96000000 | I18: =+H18/SMMLV!C41 -> 96 | J18: 45133 | K18: SI | L18: - | M18: SI | N18: SI | O18: SI | P18: LA CERTIFICACIÓN NO PRESENTA LA POTENCIA DE LAS UPS A LAS QUE SE REALIZÓ MANTENIMIENTOS | Q18: NO
C19: 2 | D19: ,
C20: 3
C21: SUMATORIAS | I21: =SUM(I18:I19) -> 96 | J21: SMMLV | K21: =+I21*SMMLV!C42 -> 111360000 | M21: kVA | P21: SI
A23: 2.5.2 | B23: DOCUMENTOS TÉCNICOS Y AUTORIZACIONES | D23: 1. Documentos relacionados con capacidad técnica para la asistencia ante fallos que implique trasporte, instalación y puesta en operación de UPS de respaldo. El oferente presentará carta de compromiso de capacidad técnica, de inventario y capacidad administrativa para garantizar la puesta en operación de un UPS de respaldo cuando sea requerido. Esta carta compromiso debe ser suscrita por el representante legal. | J23: Adjunta | K23: OBSERVACIONES | Q23: CUMPLE
J24: NO | K24: No cumple con el numeral 2.5.2 de los requisitos habilitantes de contenido tecnico de la invitación del proceso | Q24: NO
D25: 2. Carta de personal calificado para hacer mantenimiento a los sistemas ininterrumpidos de potencia. El oferente presentará carta en la que certifique que el personal que realizará los mantenimientos se encuentra debidamente capacitado (aportando la respectiva certificación de capacitación del fabricante) y con la experiencia suficiente para realizar mantenimiento de al menos dos (2) de las marcas de los equipos que se encuentran relacionados en el presente documento. | J25: Adjunta | K25: OBSERVACIONES | Q25: CUMPLE
J26: NO | K26: No cumple con el numeral 2.5.2 de los requisitos habilitantes de contenido tecnico de la invitación del proceso | Q26: NO
A27: 2.5.3 | B27: CUMPLIMIENTO DE ESPECIFICACIONES TÉCNICAS | D27: Formato 5 - "ACEPTACION ESPECIFICACIONES Y REQUISITOS TECNICOS MINIMOS " | J27: Adjunta | K27: OBSERVACIONES | Q27: CUMPLE
J28: SI | K28: N/A | Q28: SI
A29: 2.5.8 | B29: REQUISITOS HABILITANTES PARA MIPYMES | D29: MIPYMES: El proponente debera acreditar la experiencia especifica a traves de la presentación de certificaciones de contratos ejecutados y terminados antes de la fecha de cierre de este proceso, las cuales deberan ser suscritas por el contratante. | J29: Adjunta | K29: OBSERVACIONES | Q29: CUMPLE
J30: NO | K30: N/A | Q30: NO
A31: C | B31: AVAL DE LA PROPUESTA | D31: En consonancia con las normas vigentes y con el fin de no permitir el ejercicio ilegal de las profesiones, la persona natural o jurídica que pretenda participar en el presente proceso ya sea de manera individual o como integrante de un proponente plural (consorcio o unión temporal) deberá acreditar que posee título en ingenieria electrica, mecanica o afin, para lo cual deberá adjuntar copia de su matrícula profesional y del certificado de vigencia de matrícula profesional y antecedentes disciplinarios expedido por la autoridad competente, según corresponda, el cual se debe encontrar vigente. | J31: Adjunta | K31: OBSERVACIONES | Q31: CUMPLE
J32: NO | K32: No presenta el aval de la propuesta por un Ingeniero eléctrico o electricista | Q32: NO
A33: D | B33: EQUIPO MÍNIMO DE TRABAJO HABILITANTE | D33: FORMATO 9- "CARTA DE COMPROMISO-EQUIPO MÍNIMO DE TRABAJO-REQUISITO HABILITANTE" El representante legal deberá entregar un documento donde se comprometa a cumplir con el equipo mínimo de trabajo de acuerdo a las especificaciones realcionadas en la invitación técnica. | J33: Adjunta | K33: OBSERVACIONES | Q33: CUMPLE
J34: SI | K34: N/A | Q34: SI
I36: OFERENTE HABILITADO FACTOR TÉCNICO | O36: HABILITADO | Q36: NO

Sheet RIO TECHNOLOGY
A1: SECRETARIA DISTRITAL DE SALUD - FONDO FINANCIERO DISTRITAL DE SALUD
A2: MINIMA CUANTIA FFDS-MC-030-2024
A4: ADQUISICIÓN DE HORNOS MICROONDAS INDUSTRIALES PARA EL BIENESTAR DEL TALENTO HUMANO QUE LABORA EN LA SECRETARIA DISTRITAL DE SALUD.
A7: Oferente | B7: =+OFERENTES!B8 -> RIO TECHNOLOGY S.A.S. | G7: Fecha | I7: 45604 | L7: Técnico Responsable | O7: LAURA VICTORIA HERRERA MARIN
A9: 2.2 | B9: OFERTA ECONOMICA | D9: Anexo 4 - "FORMATO OFERTA ECONOMICA " | J9: Adjunta | K9: Observaciones | Q9: CUMPLE
J10: SI | K10: Se solicita aclarar por escrito y en detalle su oferta, dado que según lo establecido en la guía para el manejo de ofertas artificialmente bajas en procesos de contratación G-MOAB-01, Capitulo III Herramientas, su propuesta económica puede ser considerada como artificialmente baja. El plazo de validez de la oferta no cumple con lo especificado en las especificaciones señaladas en la plataforma SECOP II (30 dias) | Q10: NO
A12: 2.5. REQUISITOS HABILITANTES DE CONTENIDO TÉCNICO
A14: 2.5.1 | B14: EXPERIENCIA ACREDITADA DEL PROPONENTE | D14: Formato 6 - Experiencia Especifica habilitante del Proponente" | J14: Adjunta | K14: OBSERVACIONES | Q14: CUMPLE
J15: NO | K15: N/A | Q15: NO
A16: 2.5.1 | B16: EXPERIENCIA ACREDITADA DEL PROPONENTE | C16: CONTRATOS | D16: CONTRATANTE | E16: CONTRATISTA | F16: OBJETO | G16: % Participacion | H16: Valor $ | I16: Valor SMMLV | J16: Fecha terminacion | K16: Ejecutado | L16: Adquisición y/o Suministro y/o Distribución y/o Hornos Microondas Industriales | M16: Cumple | N16: OBSERVACIONES | Q16: CUMPLE
C18: 1 | D18: SOLUTIONS Y TECHNOLOGY SUPPLIES SAS | E18: =+B7 -> RIO TECHNOLOGY S.A.S. | F18: Suministro televisores, discos duros, diademas y hornos industriales. | G18: 1 | H18: 102200000 | I18: =+H18/SMMLV!C42 -> 88.103448 | J18: 45215 | K18: SI | L18: SI | M18: SI | N18: N/A | Q18: SI
C19: 2 | D19: SOLUTIONS Y TECHNOLOGY SUPPLIES SAS | E19: =+E18 -> RIO TECHNOLOGY S.A.S. | F19: Suministro Hornos industriales | G19: 1 | H19: 43500000 | I19: =+H19/SMMLV!C41 -> 43.5 | J19: 44925 | K19: SI | L19: SI | M19: SI | N19: N/A | Q19: SI
C20: SUMATORIAS | I20: =SUM(I18:I19) -> 131.60345 | L20: CUMPLE SMMLV | O20: SI | P20: SI | Q20: SI
A22: 2.5.3 | B22: CUMPLIMIENTO DE ESPECIFICACIONES TÉCNICAS | D22: Formato 5 - "ACEPTACION ESPECIFICACIONES Y REQUISITOS TECNICOS MINIMOS " | J22: Adjunta | K22: OBSERVACIONES | Q22: CUMPLE
J23: SI | K23: N/A | Q23: SI
A24: G | B24: REQUISITOS HABILITANTES PARA MIPYMES | D24: MIPYMES: El proponente debera acreditar la experiencia especifica a traves de la presentación de certificaciones de contratos ejecutados y terminados antes de la fecha de cierre de este proceso, las cuales deberan ser suscritas por el contratante. | J24: Adjunta | K24: OBSERVACIONES | Q24: CUMPLE
J25: NO | K25: No acredita MIPYMES | Q25: N/A
I27: OFERENTE HABILITADO FACTOR TÉCNICO | O27: HABILITADO | Q27: NO

Sheet SMMLV
A2: Año | B2: Salario mínimo diario | C2: Salario mínimo mensual | D2: Variación porcentual anual ¹ | E2: Decretos del Gobierno Nacional
A3: 1984 | B3: 376.6 | C3: 11298 | D3: 0 | E3: N/A
A4: 1985 | B4: 451.92 | C4: 13558 | D4: 0.2 | E4: 0001 de enero de 1985
A5: 1986 | B5: 560.38 | C5: 16811 | D5: 0.24 | E5: 3754 de diciembre de 1985
A6: 1987 | B6: 683.66 | C6: 20510 | D6: 0.22 | E6: 3732 de diciembre de 1986
A7: 1988 | B7: 854.58 | C7: 25637 | D7: 0.25 | E7: 2545 de diciembre de 1987
A8: 1989 | B8: 1085.32 | C8: 32560 | D8: 0.27 | E8: 2662 de diciembre de 1988
A9: 1990 | B9: 1367.5 | C9: 41025 | D9: 0.26 | E9: 3000 de diciembre de 1989
A10: 1991 | B10: 1723.87 | C10: 51716 | D10: 0.261 | E10: 3074 de diciembre de 1990
A11: 1992 | B11: 2173 | C11: 65190 | D11: 0.261 | E11: 2867 de diciembre de 1991
A12: 1993 | B12: 2717 | C12: 81510 | D12: 0.25 | E12: 2061 de diciembre de 1992
A13: 1994 | B13: 3290 | C13: 98700 | D13: 0.211 | E13: 2548 de diciembre de 1993
A14: 1995 | B14: 3964.45 | C14: 118934 | D14: 0.205 | E14: 2872 de diciembre de 1994
... A38: 2019 | B38: 27603.87 | C38: 828116 | D38: 0.06 | E38: 2451, del 27 de diciembre de 2018
A39: 2020 | B39: 29260.1 | C39: 877803 | D39: 0.059
A40: 2021 | B40: 30284.2 | C40: 908526
A41: 2022 | B41: 33333.33 | C41: 1000000
A42: 2023 | B42: 38666.667 | C42: 1160000
A43: 2024 | B43: =+C43/30 -> 43333.333 | C43: 1300000 | D43: =319000000/C37 -> 408.32418
D44: =319000000/C38 -> 385.21173
